 Dungeon Crawl Stone Soup version 0.18-a0-1782-gb76a692 (webtiles) character file.

14 nubinia the Ducker (level 2, 0/13 HPs)
             Began as a Spriggan Earth Elementalist on Apr 17, 2016.
             Slain by a hobgoblin
             ... wielding a +0 club
              (6 damage)
             ... on level 1 of the Dungeon.
             The game lasted 00:03:03 (533 turns).

nubinia the Ducker (Spriggan Earth Elementalist)     Turns: 533, Time: 00:03:04

Health: 0/13       AC:  2    Str:  4    XL:     2   Next: 27%
Magic:  7/7        EV: 18    Int: 16    God:
Gold:   0          SH:  0    Dex: 16    Spells: 1 memorised, 6 levels left

rFire  . . .     SeeInvis +     e - +0 dagger
rCold  . . .     Gourm    .     a - +0 robe
rNeg   . . .     Faith    .     (shield restricted)
rPois  .         Spirit   .     (helmet restricted)
rElec  .         Dismiss  .     (no cloak)
rCorr  .         Reflect  .     (gloves unavailable)
SustAt .         Harm     .     (boots unavailable)
MR     .....                    (no amulet)
Stlth  +++.......               (no ring)
                                (no ring)

@: very quick, not resistant to hostile enchantments, fairly stealthy
A: unfitting armour, see invisible, herbivore 3, speed 3, slow metabolism 2
a: no special abilities


You were on level 1 of the Dungeon.
You were not hungry.

You visited 1 branch of the dungeon, and saw 1 of its levels.

Inventory:

Hand Weapons
 e - a +0 dagger (weapon)
Missiles
 b - 34 stones (quivered)
Armour
 a - a +0 robe (worn)
Books
 c - a book of Geomancy

   Spells                             Type                      Level
   a - Sandblast                      Earth                        1
   b - Passwall                       Transmutation/Earth          2
   c - Stone Arrow                    Conjuration/Earth            3
   d - Petrify                        Transmutation/Earth          4
   e - Lee's Rapid Deconstruction     Earth                        5
Comestibles
 d - 2 bread rations


   Skills:
 + Level 3.3 Dodging
 + Level 3.0 Stealth
 + Level 3.1 Spellcasting
   Level 1.3 Transmutations
 + Level 3.0 Earth Magic


You had 6 spell levels left.
You knew the following spells:

 Your Spells              Type           Power        Failure   Level  Hunger
a - Sandblast             Erth           ##....       8%          1    #......


Dungeon Overview and Level Annotations

Branches:
Dungeon (1/15)

Altars:


Innate Abilities, Weirdness & Mutations

You are tiny and cannot use many weapons and most armour.
You have supernaturally acute eyesight.
You are a herbivore.
You cover ground extremely quickly.
You need consume almost no food.


Message History

The hobgoblin is almost dead.
The hobgoblin closely misses you.
You hit the hobgoblin but do no damage.
The hobgoblin is almost dead.
The goblin hits you. The hobgoblin hits you with a club.
You hit the hobgoblin but do no damage.
The hobgoblin is almost dead.
The goblin closely misses you.
The hobgoblin hits you but does no damage.
You hit the goblin but do no damage. You closely miss the hobgoblin.
The hobgoblin is almost dead.
The goblin closely misses you. The hobgoblin barely misses you.
You hit the hobgoblin but do no damage.
The hobgoblin is almost dead.
The goblin misses you. The hobgoblin barely misses you.
You hit the hobgoblin but do no damage.
The hobgoblin is almost dead.
The goblin misses you. The hobgoblin hits you with a club.
You die...

............ ...........
.... # ####........ ....
#.#..........## #+#..
..........#...# .##.##.
#.......#...# .......
#...........# ...#..
#..#'##.....#######....
+#....g@................
....#...#g.........##.....
........+..........##.....
....#..#..........##.....
.....#..................##
.... #.....#+##...........
.... #.......##...........
.....>.....########.....
.....##....# .........


You could see a hobgoblin and a goblin.

Vanquished Creatures
  A giant gecko (D:1)
  2 bats (D:1)
  2 hobgoblins (D:1)
  2 jackals (D:1)
  2 goblins (D:1)
  A kobold (D:1)
  2 rats (D:1)
12 creatures vanquished.

Notes
Turn   | Place    | Note
--------------------------------------------------------------
     0 | D:1      | nubinia the Spriggan Earth Elementalist began the quest for the Orb.
     0 | D:1      | Reached XP level 1. HP: 9/9 MP: 5/5
   350 | D:1      | Reached XP level 2. HP: 12/13 MP: 5/7
   533 | D:1      | Slain by a hobgoblin

Vault maps used:
D:1:      sevenhm_arrival_forest_fort_large_4, hangedman_decor_opposing

Skill      XL: |  1  2 |
---------------+-------+-----
Spellcasting   | 3 |  3.1
Earth Magic    | 3 |  3.0
Dodging        | |  3.3
Stealth        | |  3.0
Transmutations | |  1.3

Action                   || total
-------------------------++-------
Melee: Dagger            ||    58
 Cast: Sandblast         ||    19
 Stab: Sleeping          ||     1
Armor: Robe              ||     8
Dodge: Dodged            ||    51
